 Dungeon Crawl Stone Soup version 0.20-a0-640-g62ed22f (webtiles) character file.

137 polly the Slasher (level 5, -6/39 HPs)
             Began as a Demonspawn Gladiator on Feb 13, 2017.
             Killed by nerve-wracking pain
             ... invoked by Grinder
              (13 damage)
             ... on level 3 of the Dungeon.
             The game lasted 00:03:41 (2108 turns).

polly the Slasher (Demonspawn Gladiator)            Turns: 2108, Time: 00:03:42

Health: -6/39      AC: 19    Str: 15    XL:     5   Next: 0%
Magic:  5/5        EV: 13    Int: 15    God:
Gold:   178        SH:  0    Dex: 19    Spells: 4/4 levels left

rFire    . . .     SeeInvis .   a - +0 long sword
rCold    . . .     Gourm    .   e - +0 chain mail
rNeg     . . .     Faith    .   (no shield)
rPois    .         Spirit   .   c - +0 helmet
rElec    .         Reflect  .   (no cloak)
rCorr    .         Harm     .   g - +0 pair of gloves
MR       .....                  (no boots)
Stlth    ..........             (no amulet)
Regen    0.2/turn               (no ring)
MPRegen  0.1/turn               (no ring)

@: brilliant, agile, sanguine armour, very slightly contaminated, invisible
A: rot immunity, sanguine armour 2
a: no special abilities


You were on level 3 of the Dungeon.
You were not hungry.

You visited 1 branch of the dungeon, and saw 3 of its levels.

You collected 178 gold pieces.

Inventory:

Hand Weapons
 a - a +0 long sword (weapon)
Missiles
 d - 3 throwing nets (quivered)
Armour
 b - a +0 leather armour
 c - a +0 helmet (worn)
 e - a +0 chain mail (worn)
 g - a +0 pair of gloves (worn)
Jewellery
 l - a +5 amulet of reflection {unknown}
Wands
 i - a wand of flame (14/48)
Scrolls
 h - 3 scrolls of remove curse {unknown}
 j - 3 scrolls of identify {unknown}
 k - a scroll of teleportation {unknown}
 n - a scroll of fear {unknown}
 p - a scroll of enchant armour {unknown}
 q - a scroll of immolation {unknown}
 r - a scroll of recharging {unknown}
 s - a scroll of amnesia {unknown}
Books
 t - a book of Changes

   Spells                             Type                      Level
   a - Beastly Appendage              Transmutation                1
   b - Sticks to Snakes               Transmutation                2
   c - Spider Form                    Transmutation/Poison         3
   d - Ice Form                       Ice/Transmutation            4
   e - Blade Hands                    Transmutation                5
Comestibles
 f - 4 bread rations
 m - a royal jelly


   Skills:
 + Level 2.6 Fighting
 + Level 4.3 Long Blades
 + Level 2.0 Throwing
 + Level 1.0 Armour
 + Level 3.1 Dodging


You had 4 spell levels left.
You didn't know any spells.

Dungeon Overview and Level Annotations

Branches:
Dungeon (3/15)

Altars:
Cheibriados

Annotations:
D:3 Grinder


Innate Abilities, Weirdness & Mutations

You are immune to rotting.
When seriously injured, your bleeding wounds create thick armour. (AC +9)


Message History

You slash the hobgoblin!
You kill the hobgoblin!
You have reached level 5!
The dart slug launches a dart at you. The slug dart misses you.
You slash Grinder!
Grinder is heavily wounded.
Grinder hits you!
* * * LOW HITPOINT WARNING * * *
You writhe in agony.
* * * LOW HITPOINT WARNING * * *
Grinder gestures at you. You resist with significant effort.
Your chain mail prevents you from hitting Grinder.
Grinder is heavily wounded.
The dart slug barely misses you.
You riposte.
You hit the dart slug but do no damage. Grinder gestures at you.
Pain shoots through your body!
You die...

#####...###########
#...#≈...##.. ...
#...#≈≈..##.# ###
###...#8≈..##.#######
.....#≈≈............
#...#≈....#.###.###
###...#..##)#.#......
#...5).####.#.#.#.###
#.#.@w.# #.#.#.#.#
#.#..# #...#.#.#
#.._...# ##..#.#.#
###.#.## #(.#.#.#
#...# #..#.#.# #####
#..#.#.# #..#.# ..#.#
#.#.#.#


You could see Grinder and a dart slug.

Vanquished Creatures
  Natasha (thrice) (D:2)
  An adder (D:2)
  An ooze (D:2)
  A dart slug (D:1)
  2 leopard geckos
  4 orcs (D:3)
  A ball python (D:2)
  A giant cockroach (D:2)
  3 goblins
  4 hobgoblins
  4 jackals
  2 bats
  A frilled lizard (D:2)
  5 kobolds
  11 rats
44 creatures vanquished.

Notes
Turn   | Place    | Note
-------+----------+-------------------------------------------
     0 | D:1      | polly the Demonspawn Gladiator began the quest for the Orb.
     0 | D:1      | Reached XP level 1. HP: 16/16 MP: 1/1
   340 | D:1      | Reached skill level 3 in Long Blades
   426 | D:1      | Gained mutation: When seriously injured, your bleeding wounds create armour. (AC +9) [demonic ancestry]
   426 | D:1      | Reached XP level 2. HP: 22/22 MP: 2/2
   996 | D:2      | Noticed Natasha
  1002 | D:2      | Killed Natasha
  1002 | D:2      | Gained mutation: When seriously injured, your bleeding wounds create thick armour. (AC +9) [demonic ancestry]
  1002 | D:2      | Reached XP level 3. HP: 13/28 MP: 3/3
  1045 | D:2      | Noticed Natasha
  1062 | D:2      | Killed Natasha
  1062 | D:2      | Gained mutation: You are immune to rotting. [demonic ancestry]
  1062 | D:2      | Reached XP level 4. HP: 3/34 MP: 4/4
  1351 | D:2      | Noticed Natasha
  1372 | D:2      | Killed Natasha
  1372 | D:2      | Reached skill level 4 in Long Blades
  1681 | D:2      | Reached skill level 1 in Armour
  1922 | D:3      | Found a faded altar of an unknown god.
  2088 | D:3      | Noticed Grinder
  2091 | D:3      | Found a snail-covered altar of Cheibriados.
  2106 | D:3      | Reached XP level 5. HP: 17/39 MP: 5/5
  2108 | D:3      | Killed from afar by Grinder

Vault maps used:
D:1:      dpeg_arrival_ratfight, hangedman_abyss_or_decor_lesser_grid
D:2:      uniq_natasha
D:3:      lemuel_crystal_altar, chequers_ecumenical_altar_simple_redux,
          first_bread, moated_statue, uniq_grinder

Skill      XL: |  1  2  3  4 |
---------------+-------------+-----
Long Blades    | 3 4 |  4.3
Throwing       | 2 |  2.0
Dodging        | 3 |  3.1
Armour         | 1 |  1.0
Fighting       | |  2.6

Action                   |  1- 3 |  4- 6 || total
-------------------------+-------+-------++-------
Melee: Long sword        |    58 |    93 ||   151
  Use: Potion            |     2 |     4 ||     6
  Eat: Meat ration       |       |     1 ||     1
       Chunk             |       |     1 ||     1
Armor: Chain mail        |    40 |   102 ||   142
       Skin              |    16 |     5 ||    21
Dodge: Dodged            |    23 |    72 ||    95
       Rpst.: Long sword |     9 |    18 ||    27
